 Dungeon Crawl Stone Soup version 0.18-a0-1060-g4fac74f (webtiles) character file.

135 namelastname112 the Sneak (level 4, 0/35 HPs)
             Began as a Draconian Wizard on Jan 13, 2016.
             Was a Follower of Zin.
             Slain by a centaur skeleton (8 damage)
             ... on level 4 of the Dungeon.
             The game lasted 00:04:58 (2805 turns).

namelastname112 the Sneak (Draconian Wizard)        Turns: 2805, Time: 00:04:58

Health: 0/35       AC: 10    Str: 10    XL:     4   Next: 97%
Magic:  8/8        EV: 12    Int: 18    God:    Zin [*.....]
Gold:   126        SH:  0    Dex: 10    Spells: 1 memorised, 8 levels left

rFire  . . .     SeeInvis .     h - +0 short sword
rCold  . . .     Gourm    .     (armour unavailable)
rNeg   . . .     Faith    .     (no shield)
rPois  .         Spirit   .     a - +0 hat
rElec  .         Dismiss  .     (no cloak)
rCorr  .         Reflect  .     (no gloves)
SustAt .         Harm     .     (no boots)
MR     .....                    (no amulet)
Stlth  ++........               (no ring)
                                o - +5 ring of protection

@: not resistant to hostile enchantments, unstealthy
A: unfitting armour, cold-blooded, AC +5
a: Recite, Donate Gold, Renounce Religion


You were on level 4 of the Dungeon.
You worshipped Zin.
Zin was aware of your devotion.
You were not hungry.

You visited 1 branch of the dungeon, and saw 4 of its levels.

You collected 139 gold pieces.
You donated 13 gold pieces to Zin.

Inventory:

Hand Weapons
 h - a +0 short sword (weapon)
Armour
 a - a +0 hat (worn)
 e - a +0 buckler
Jewellery
 o - a +5 ring of protection (left hand)
Scrolls
 f - a scroll of remove curse
 g - a scroll of recharging {unknown}
 j - a scroll of fog {unknown}
 k - 2 scrolls of enchant armour {unknown}
 l - 4 scrolls of teleportation {unknown}
 m - 2 scrolls of identify {unknown}
 n - a scroll of enchant weapon {unknown}
 p - 3 scrolls of fear {unknown}
 q - a scroll of random uselessness {unknown}
 t - a scroll of blinking {unknown}
Potions
 d - a potion of magic {unknown}
 i - 3 potions of flight {unknown}
 s - 3 potions of cancellation {unknown}
Books
 b - a book of Minor Magic

   Spells                             Type                      Level
   a - Magic Dart                     Conjuration                  1
   b - Blink                          Translocation                2
   c - Call Imp                       Summoning                    2
   d - Repel Missiles                 Charms/Air                   2
   e - Slow                           Hexes                        2
   f - Conjure Flame                  Conjuration/Fire             3
   g - Mephitic Cloud                 Conjuration/Poison/Air       3
Comestibles
 c - 4 bread rations
 r - a beef jerky


   Skills:
 + Level 1.5 Fighting
 * Level 2.3 Short Blades
 + Level 2.3 Dodging
 * Level 3.5 Stealth
 - Level 3.0 Spellcasting
 - Level 1.0 Conjurations
   Level 1.0 Summonings
   Level 1.0 Translocations
 + Level 0.2 Invocations


You had 8 spell levels left.
You knew the following spells:

 Your Spells              Type           Power        Failure   Level  Hunger
z - Magic Dart            Conj           #...         12%         1    None


Dungeon Overview and Level Annotations

Branches:
Dungeon (4/15)             Temple (0/1) D:4

Altars:
Qazlal
Xom
Zin


Innate Abilities, Weirdness & Mutations

Your plain brown scales are hard (AC +5).
Your body does not fit into most forms of armour.
You are cold-blooded and may be slowed by cold attacks.


Message History

The centaur skeleton hits you.
You hit the centaur skeleton but do no damage.
The centaur skeleton hits you but does no damage.
You hit the centaur skeleton.
The centaur skeleton hits you but does no damage.
You completely miss the centaur skeleton.
The centaur skeleton hits you!
The centaur skeleton hits you but does no damage.
You hit the centaur skeleton but do no damage.
You tail-slap the centaur skeleton. The centaur skeleton hits you!
You hit the centaur skeleton.
The centaur skeleton closely misses you.
You hit the centaur skeleton. The centaur skeleton hits you.
You hit the centaur skeleton.
The centaur skeleton closely misses you.
The centaur skeleton hits you.
* * * LOW HITPOINT WARNING * * *
You are too injured to fight recklessly!
The centaur skeleton hits you!
You die...

#.[..............
..........<.#...#
.............#.#.
..............>...
.............#.#..
............#...#.
..................
.....#..Z..#......
###....##@##.....
#..## #....# ..
#.# #....# #.
#...## # #...#
#.<.# #...# #...#
o..............


You could see a centaur skeleton.

Vanquished Creatures
  6 adders
  An ooze (D:2)
  An adder skeleton (D:3)
  3 worms
  3 giant geckos
  7 bats
  2 giant cockroaches
  10 goblins
  6 hobgoblins
  4 jackals
  3 kobolds
  3 quokkas
  2 ball pythons
  4 giant newts
  5 rats
60 creatures vanquished.

Notes
Turn   | Place    | Note
--------------------------------------------------------------
     0 | D:1      | namelastname112 the Draconian Wizard began the quest for the Orb.
     0 | D:1      | Reached XP level 1. HP: 14/14 MP: 4/4
   192 | D:1      | Reached XP level 2. HP: 22/22 MP: 0/6
   426 | D:1      | Found a shimmering altar of Xom.
  1050 | D:2      | Reached skill level 1 in Short Blades
  1092 | D:2      | Reached skill level 1 in Fighting
  1263 | D:2      | Reached XP level 3. HP: 28/28 MP: 7/7
  1753 | D:3      | Reached XP level 4. HP: 30/35 MP: 0/8
  2157 | D:3      | Found a stormy altar of Qazlal.
  2493 | D:3      | Found a glowing silver altar of Zin.
  2497 | D:3      | Became a worshipper of Zin the Law-Giver
  2497 | D:3      | Reached * piety under Zin
  2789 | D:4      | Found a staircase to the Ecumenical Temple.
  2805 | D:4      | Slain by a centaur skeleton

Vault maps used:
D:1:      roderic_crop_circles_arrival_large, xom_teletrap_fun
D:3:      nicolae_qazlal_eye_of_the_storm, zin_treasury, first_bread
D:4:      minmay_temple_entry_crystal_x, lemuel_blue_sif_altar

Action                   |  1- 3 |  4- 6 || total
-------------------------+-------+-------++-------
Melee: Unarmed           |    10 |       ||    10
       Short sword       |    81 |    92 ||   173
 Cast: Magic Dart        |    56 |    36 ||    92
  Use: Scroll            |       |     2 ||     2
 Stab: Sleeping          |     4 |     1 ||     5
  Eat: Chunk             |     3 |     3 ||     6
